 Dungeon Crawl Stone Soup version 0.32-a0-859-gb0a091d592 (webtiles) character file.

Game seed: 14773576571813957714

921 Alarak the Cleaver (level 7, -3/78 HPs)
             Began as a Demonspawn Fighter on Mar 28, 2024.
             Succumbed to Duvessa's poison
             ... on level 5 of the Dungeon.
             The game lasted 00:08:36 (4302 turns).

Alarak the Cleaver (Demonspawn Fighter)             Turns: 4302, Time: 00:08:36

Health: -3/78      AC: 23    Str: 18    XL:     7   Next: 84%
Magic:  7/7        EV:  2    Int:  9    God:
Gold:   191        SH:  4    Dex: 12    Spells: 6/6 levels left

rFire   . . .        a - +1 war axe (vamp)
rCold   . . .        c - +0 buckler
rNeg    . . .        r - melded +0 chain mail
rPois   +            (helmet currently unavailable)
rElec   .            b - melded +2 cloak
rCorr   .            i - melded +0 pair of gloves
SInv    .            (boots currently unavailable)
Will    .....        (no amulet)
Stlth   +            (no ring)
HPRegen 0.33/turn    (no ring)
MPRegen 0.10/turn

%: no passive effects
@: mighty, lethally poisoned (-3 -> -30), tree-form
A: stationary, stasis, torment immunity, boosted hp, (hooves 2), (horns 1),
condensation shield
a: no special abilities


You were on level 5 of the Dungeon.
You were a tree.
You visited 1 branch of the dungeon, and saw 5 of its levels.
You also visited: Sewer.

You collected 191 gold pieces.

Inventory:

Hand Weapons
 a - a +1 vampiric war axe (weapon)
Missiles
 m - a throwing net (quivered)
Armour
 b - a +2 cloak (melded)
 c - a +0 buckler (worn)
 i - a +0 pair of gloves (melded)
 r - a +0 chain mail (melded)
Wands
 o - a wand of warping (14)
Scrolls
 f - 2 scrolls of teleportation
 h - a scroll of fog
 j - a scroll of revelation
 n - a scroll of immolation
Potions
 g - a potion of attraction {unknown}
 p - 2 potions of curing {unknown}
 q - a potion of enlightenment {unknown}
 t - a potion of invisibility {unknown}
 u - a potion of cancellation {unknown}


   Skills:
 - Level 3.0 Fighting
 + Level 8.4 Axes
 - Level 2.6 Armour
 - Level 2.6 Shields


You had 6 spell levels left.
You didn't know any spells.
Your spell library contained the following spells:

 Spells                   Type           Power      Damage    Failure   Level
 Freeze                   Ice            0%         1d3       45%         1
 Frozen Ramparts          Ice            0%         1d1       83%         3
 Hailstorm                Conj/Ice       0%         3d5       83%         3


Dungeon Overview and Level Annotations

Branches:
Dungeon (5/15)              Sewer (visited)
 Temple: D:4-7

Altars:
Dithmenos

Annotations:
D:5 Duvessa, Eustachio


Innate Abilities, Weirdness & Mutations

You are a tree.
Your roots penetrate the ground, keeping you stationary.
You cannot be teleported.
You are immune to unholy pain and torment.
Your maximum health is greatly increased.
Your equipment is partially melded.
((You have hoof-like feet.))
((You have a pair of small horns on your head.))
A meltable shield of frost defends you. (SH +0)


Message History

You kill Dowan!
Duvessa screams in rage.
Duvessa goes berserk!
You barely miss the crimson imp. You barely miss Duvessa.
You feel very sick. You block Duvessa's attack.
The gnoll hits you but does no damage. You block the gnoll's attack.
The crimson imp hits you but does no damage.
Duvessa hits you but does no damage.
You are more poisoned.
You feel very mighty all of a sudden.
You feel very sick. Duvessa barely misses you.
The gnoll hits you but does no damage. The gnoll barely misses you.
The crimson imp hits you but does no damage.
You barely miss Duvessa.
Duvessa is almost dead.
You hit the crimson imp. You slash the gnoll!
You feel very sick.
Duvessa hits you with a +0 short sword of venom!
You are more poisoned.
The gnoll barely misses you. The gnoll hits you but does no damage.
Eustachio mumbles some strange words.
Eustachio blinks!
The crimson imp hits you but does no damage.
Duvessa hits you but does no damage.
You are lethally poisoned!
You barely miss Duvessa.
Duvessa is almost dead.
You barely miss the gnoll. You miss the crimson imp.
* * * LOW HITPOINT WARNING * * *
You feel extremely sick.
Duvessa hits you with a +0 short sword of venom!
* * * LOW HITPOINT WARNING * * *
The gnoll hits you but does no damage. The gnoll hits you with a +0 flail.
* * * LOW HITPOINT WARNING * * *
The crimson imp blinks!
You hit Duvessa but do no damage.
Duvessa is almost dead.
You hit the gnoll but do no damage.
You die...

............#....###.........
....§§.....#.....☼☼.......#.
#§§§.........§§○##.#...##
#§§§§########§§☼#########
##..###§§§§######§§§☼☼..#
.........§§○§§#☼§☼○☼##..#
....##..###§§§☼§§§○§# ..# ..
#..####§○§)§##.# .#
#..##§☼☼§☼♣☼## .. # ....
##○##eg○# #. ....# #.○g.#○§#
# ..... ☼§§§§#○§○○ ## #....
§☼§§§§○####○○ ##. §§☼○○☼§.
§☼○§ ##.. §☼§§☼§§ §○§ #...
§☼○○#§☼ ☼○ ##..# #..##


You could see Duvessa (berserk, fast) and 2 gnolls.

Vanquished Creatures
  Pargi (Sewer)
  An ogre (D:5)
  2 brain worms (Sewer)
  A scorpion (D:5)
  Dowan (D:5)
  A howler monkey (D:5)
  Crazy Yiuf (D:3)
  4 orc priests
  2 iguanas (D:5)
  2 orc wizards (D:3)
  3 gnolls
  8 adders
  A white imp (D:4)
  3 dart slugs
  5 ribbon worms (D:2)
  6 orcs
  3 endoplasms
  3 giant cockroaches
  9 goblins
  9 hobgoblins
  3 jackals (D:1)
  6 quokkas
  8 ball pythons
  11 bats
  8 frilled lizards
  6 kobolds
  5 rats
113 creatures vanquished.

Notes
Turn   | Place    | Note
-------+----------+-------------------------------------------
     0 | D:1      | Alarak the Demonspawn Fighter began the quest for the Orb.
     0 | D:1      | Reached XP level 1. HP: 18/18 MP: 1/1
    40 | D:1      | Reached skill level 2 in Axes
   143 | D:1      | Gained mutation: A meltable shield of frost defends you.
                  | (SH +0) [demonic ancestry]
   143 | D:1      | Reached XP level 2. HP: 19/24 MP: 2/2
   175 | D:1      | You fall into a shaft and drop 1 floor!
   322 | D:2      | Reached skill level 3 in Axes
   598 | D:2      | Reached XP level 3. HP: 26/29 MP: 3/3
  1157 | D:1      | Discovered your monstrous ancestry.
  1157 | D:1      | Gained mutation: You have large cloven feet. [demonic
                  | ancestry]
  1157 | D:1      | Reached XP level 4. HP: 35/35 MP: 4/4
  1159 | D:1      | Reached skill level 4 in Axes
  1766 | D:2      | Found a shadowy altar of Dithmenos.
  2064 | D:3      | Gained mutation: You have hoof-like feet. [demonic
                  | ancestry]
  2064 | D:3      | Reached XP level 5. HP: 31/41 MP: 5/5
  2066 | D:3      | Reached skill level 5 in Axes
  2127 | D:3      | Found a glowing drain.
  2144 | Sewer    | Entered a sewer
  2158 | Sewer    | Reached XP level 6. HP: 20/47 MP: 2/6
  2289 | Sewer    | Noticed Pargi
  2300 | Sewer    | Killed Pargi
  2301 | Sewer    | Reached skill level 6 in Axes
  3128 | D:3      | Found a runed translucent door.
  3129 | D:3      | Noticed Crazy Yiuf
  3240 | D:3      | Killed Crazy Yiuf
  3241 | D:3      | Reached skill level 7 in Axes
  3241 | D:3      | Gained mutation: You have a pair of small horns on your
                  | head. [demonic ancestry]
  3241 | D:3      | Reached XP level 7. HP: 24/52 MP: 7/7
  3904 | D:5      | Entered Level 5 of the Dungeon
  4199 | D:5      | Reached skill level 8 in Axes
  4280 | D:5      | Noticed Dowan
  4281 | D:5      | Noticed Duvessa
  4289 | D:5      | Noticed Eustachio
  4298 | D:5      | Killed Dowan
  4302 | D:5      | Succumbed to Duvessa's poison

Illustrated notes

Levels and vault maps discovered:
D:1:      heliophobic_arrival_dark_side_of_the_moon, layout_loops_ring
D:2:      layout_loops_corners, basic_altar
D:3:      layout_loops_ring, cheibrodos_sewer_entry_drain,
          minmay_misc_feat_tower, uniq_crazy_yiuf_cottage
D:4:      layout_rooms
D:5:      layout_cave_pools, nemelex_xobeh_ov_fountains_minmay,
          mainiacjoe_overflow_tiny_flanked, corexii_checkpoint, nicolae_sextant,
          lemuel_flamethrower_2, uniq_duvessa, uniq_eustachio

Skill      XL: |  1  2  3  4  5  6  7 |
---------------+----------------------+-----
Axes           | 2 3 4 5 7 8 |  8.4
Fighting       | |  3.0
Armour         | |  2.6
Shields        | |  2.6

Action                     |  1- 3 |  4- 6 |  7- 9 || total
---------------------------+-------+-------+-------++-------
  Melee: War axe           |   136 |   112 |    84 ||   332
         Kick              |       |    26 |    14 ||    40
         Headbutt          |       |       |     9 ||     9
    Use: Scroll            |       |     3 |     9 ||    12
         Potion            |       |       |     3 ||     3
 Armour: Scale mail        |   116 |    55 |       ||   171
         Chain mail        |       |     3 |    61 ||    64
         Skin              |       |       |    24 ||    24
  Dodge: Dodged            |    66 |    43 |    21 ||   130
  Block: Buckler           |    70 |    45 |    37 ||   152

Table legend: (Time is in decaauts)
 A = Elapsed time spent in this place.
 B = Non-inter-level travel time spent in this place.
 C = Inter-level travel time spent in this place.
 D = Time resting spent in this place.
 E = Time spent auto-exploring this place.
 F = Levels seen in this place.
 G = Mean time per level.
                   A        B        C        D        E       F      G
               +--------+--------+--------+--------+--------+-----+--------+
         Total |   4431 |   4161 |    270 |    384 |   2975 |   6 |  738.5 |
       Dungeon |   4089 |   3819 |    270 |    344 |   2768 |   5 |  817.8 |
         Sewer |    341 |    341 |      0 |     40 |    207 |   1 |  341.0 |
               +--------+--------+--------+--------+--------+-----+--------+

Top non-repeatable levels by time:
     D:1: 1089 daAuts
     D:3: 1057 daAuts
     D:2: 1030 daAuts
     D:4: 584 daAuts
   Sewer: 341 daAuts
     D:5: 327 daAuts
